 Dungeon Crawl Stone Soup version 0.21.1-1-g345015f (webtiles) character file.

1011 Fang the Chopper (level 8, -7/48 HPs)
             Began as a Gargoyle Fighter on May 8, 2018.
             Was a Believer of Dithmenos.
             Killed by divine providence
             ... invoked by an orc priest
              (12 damage)
             ... on level 6 of the Dungeon.
             The game lasted 00:08:48 (4081 turns).

Fang the Chopper (Gargoyle Fighter)                 Turns: 4081, Time: 00:08:49

Health: -7/48      AC: 17    Str: 22    XL:     8   Next: 21%
Magic:  8/8        EV:  8    Int:  9    God:    Dithmenos [**....]
Gold:   255        SH: 10    Dex:  9    Spells: 7/7 levels left

rFire    + . .     SeeInvis .   a - +2 war axe
rCold    x . .     Gourm    .   c - +0 shield
rNeg     + . .     Faith    .   b - +2 scale mail
rPois    ∞         Spirit   .   (no helmet)
rElec    +         Reflect  .   (no cloak)
rCorr    .         Harm     .   (no gloves)
MR       .....                  o - +1 pair of boots
Stlth    +.........             r - amulet of magic regeneration
HPRegen  0.16/turn              u - ring of fire
MPRegen  0.36/turn              (no ring)

@: wreathed by umbra
A: negative energy resistance 1, electricity resistance, unbreathing,
petrification resistance, rot immunity, AC +5
a: Shadow Step, Renounce Religion


You were on level 6 of the Dungeon.
You worshipped Dithmenos.
Dithmenos was pleased with you.
You were very hungry.

You visited 1 branch of the dungeon, and saw 6 of its levels.

You collected 255 gold pieces.

Inventory:

Hand Weapons
 a - a +2 war axe (weapon)
Missiles
 m - 2 javelins (quivered)
 w - 3 poisoned tomahawks
Armour
 b - a +2 scale mail (worn)
 c - a +0 shield (worn)
 o - a +1 pair of boots (worn)
Jewellery
 r - an amulet of magic regeneration (around neck)
 u - a ring of fire (left hand)
Wands
 t - a wand of acid (7)
Scrolls
 h - 7 scrolls of remove curse
 l - 2 scrolls of amnesia
 s - 2 scrolls of magic mapping
Potions
 d - 2 potions of might
 e - 4 potions of agility
 g - 2 potions of curing
 i - a potion of heal wounds
 k - a potion of brilliance
 n - 2 potions of flight
 p - a potion of invisibility
 q - 2 potions of ambrosia
 v - a potion of mutation
Comestibles
 f - 11 rations


   Skills:
 + Level 4.5 Fighting
 + Level 5.9 Axes
 + Level 4.6 Armour
 + Level 1.8 Dodging
 * Level 3.3 Stealth
 + Level 5.2 Shields


You had 7 spell levels left.
You didn't know any spells.

Dungeon Overview and Level Annotations

Branches:
Dungeon (6/15)
 Temple: D:4-7

Altars:
Cheibriados
Dithmenos
Kikubaaqudgha
Makhleb
Nemelex Xobeh

Shops:
D:4 :   D:5 [


Innate Abilities, Weirdness & Mutations

You are resistant to torment.
Your stone body is resilient. (AC +5)
You are immune to poison.
You resist negative energy. (rN+)
You are resistant to electric shocks. (rElec)
You can survive without breathing.
You are immune to petrification.
You are immune to rotting.


Message History

Beogh smites you! The orc priest closely misses you.
You closely miss something. You slash the orc priest! Something hits you.
The orc priest calls upon Beogh to heal the orc priest.
The orc priest is healed somewhat.
You block the orc priest's attack. Something hits you but does no damage.
You miss something. You hit the orc priest. You block the orc priest's attack.
Something hits you but does no damage.
You miss something. You hit the orc priest.
The orc priest hits you but does no damage.
You block something's attack.
The orc priest calls down the wrath of Beogh upon you.
Beogh smites you!
* * * LOW HITPOINT WARNING * * *
You closely miss something. You hit the orc priest.
You kill the orc priest!
Dithmenos accepts your kill. Something hits you but does no damage.
The orc priest invokes the aid of Beogh against you.
Beogh smites you!
You die...

#. #..#
#.# #.
##.# #.#
#.###.####
#........#
#..###.#.#
#. #.....#
.. #.#...#
## #.#...#
# #.#@#
#.#{).o.#
#.##..#.#
#. .<# #>.
.#. .#.#
.# #


You could see an orc priest.

Vanquished Creatures
  The ghost of antares the Digger, an amateur GrEE (D:4)
  Duvessa (D:4)
  2 bullfrogs (D:6)
  Dowan (D:4)
  A scorpion (D:4)
  A howler monkey (D:6)
  A jelly (D:5)
  An orc priest (D:6)
  5 hounds
  An orc wizard (D:4)
  An iguana (D:4)
  2 worker ants (D:4)
  A hound zombie (D:5)
  5 adders
  An ooze (D:2)
  2 worms
  A dart slug (D:3)
  4 leopard geckos
  12 orcs
  11 bats
  5 giant cockroaches
  10 goblins
  7 hobgoblins
  15 jackals
  2 ball pythons
  5 frilled lizards
  A jackal zombie (D:6)
  7 kobolds
  A leopard gecko skeleton (D:4)
  4 rats (D:1)
112 creatures vanquished.

Notes
Turn   | Place    | Note
-------+----------+-------------------------------------------
     0 | D:1      | Fang the Gargoyle Fighter began the quest for the Orb.
     0 | D:1      | Reached XP level 1. HP: 14/14 MP: 1/1
   203 | D:1      | Reached XP level 2. HP: 19/19 MP: 2/2
   805 | D:2      | Found a shadowy altar of Dithmenos.
   833 | D:2      | Reached XP level 3. HP: 15/23 MP: 3/3
   839 | D:2      | Found an ancient bone altar of Kikubaaqudgha.
   886 | D:2      | Became a worshipper of Dithmenos the Shadowed
  1077 | D:2      | Found a sparkling altar of Nemelex Xobeh.
  1296 | D:2      | Reached XP level 4. HP: 28/29 MP: 4/4
  1632 | D:3      | Reached * piety under Dithmenos
  2009 | D:3      | Reached skill level 1 in Dodging
  2009 | D:3      | Reached XP level 5. HP: 33/33 MP: 5/5
  2469 | D:4      | Noticed antares's ghost (amateur GrEE)
  2502 | D:4      | Killed antares's ghost
  2502 | D:4      | Reached XP level 6. HP: 27/38 MP: 6/6
  2553 | D:4      | Found Woicweax's Book Shop.
  2589 | D:4      | Noticed Duvessa
  2589 | D:4      | Noticed Dowan
  2599 | D:4      | Killed Duvessa
  2599 | D:4      | Reached skill level 1 in Stealth
  2599 | D:4      | Reached XP level 7. HP: 33/43 MP: 7/7
  2609 | D:4      | Killed Dowan
  3011 | D:4      | Reached ** piety under Dithmenos
  3161 | D:5      | Entered Level 5 of the Dungeon
  3173 | D:5      | Reached skill level 5 in Axes
  3357 | D:5      | Found a burning altar of Makhleb.
  3429 | D:5      | Found Egosh's Antique Armour Shop.
  3700 | D:5      | Reached skill level 5 in Shields
  3791 | D:5      | Found a snail-covered altar of Cheibriados.
  3881 | D:6      | Reached XP level 8. HP: 48/48 MP: 8/8
  4081 | D:6      | Killed from afar by an orc priest

Skill      XL: |  1  2  3  4  5  6  7  8 |
---------------+-------------------------+-----
Axes           | 2 3 4 5 |  5.9
Shields        | 4 5 |  5.2
Dodging        | 1 |  1.8
Armour         | 4 |  4.6
Fighting       | 4 |  4.5
Stealth        | 1 2 3 |  3.3

Action                   |  1- 3 |  4- 6 |  7- 9 || total
-------------------------+-------+-------+-------++-------
Melee: War axe           |   130 |   165 |   134 ||   429
  Use: Scroll            |       |    10 |     7 ||    17
       Potion            |       |       |     2 ||     2
  Eat: Chunk             |     1 |     5 |     4 ||    10
Armor: Scale mail        |   103 |   101 |    71 ||   275
Dodge: Dodged            |    39 |    52 |    54 ||   145
Block: Shield            |    85 |    79 |    62 ||   226
